[Event "Titled Tuesday Blitz February 22 Late 2022"]
[White "Qashashvili, Alexandre"]
[Black "De Souza, Cristiano Gomes"]
[WhiteFideId "13600842"]
[BlackFideId "2151758"]
[WhiteElo "2316"]
[BlackElo "2068"]
[Result "1-0"]
[Round "05"]
[TimeControl "180+1"]
[Date "2022.02.23"]
[WhiteClock "0:02:30"]
[BlackClock "0:01:58"]

1. e4 c6 2. Nc3 d6 3. d4 g6 4. Nf3 Bg7 5. Be3 b5 6. a3 Nd7 7. Qd2 a6 8. Bd3 c5 9. dxc5 Nxc5 10. h3 Nf6 11. Bh6 O-O 12. h4 Nxd3+ 13. cxd3 e6 14. h5 Nxh5 15. g4 Nf6 16. Bxg7 Kxg7 17. Qh6+ Kg8 18. Ng5 Re8 19. f3 Qe7 20. Nxh7 Bb7 21. Ng5 1-0


[Site "https://www.chess.com"]

[Event "Titled Tuesday Blitz February 22 Late 2022"]
[White "Quirke, Jeffrey"]
[Black "Bauer, Thomas"]
[WhiteFideId "2013029"]
[BlackFideId "1639293"]
[WhiteElo "2202"]
[BlackElo "2220"]
[Result "0-1"]
[Round "05"]
[TimeControl "180+1"]
[Date "2022.02.23"]
[WhiteClock "0:00:03"]
[BlackClock "0:00:17"]

1. c4 Nc6 2. g3 d5 3. Bg2 Be6 4. cxd5 Bxd5 5. Nf3 e5 6. Nc3 Be6 7. O-O Nf6 8. d3 Bc5 9. a3 a5 10. Bg5 Be7 11. Nd2 O-O 12. Rc1 h6 13. Bxf6 Bxf6 14. Na4 Bd5 15. Nc5 b6 16. Nce4 Be7 17. Nc4 Kh8 18. Ne3 Bxe4 19. Bxe4 Nd4 20. Nd5 Bg5 21. e3 Ne6 22. Qc2 c5 23. b4 f5 24. Bg2 cxb4 25. axb4 a4 26. f4 exf4 27. gxf4 Bh4 28. Nc3 a3 29. Bxa8 Qxa8 30. Ra1 g5 31. Qb3 gxf4 32. Qxe6 Rg8+ 33. Qxg8+ Qxg8+ 34. Kh1 Qb3 35. Ne2 f3 36. Nf4 a2 37. Rxf3 Bf6 0-1


[Site "https://www.chess.com"]

[Event "Titled Tuesday Blitz February 22 Late 2022"]
[White "Salimova, Nurgyul"]
[Black "Ibarra Jerez, Jose Carlos"]
[WhiteFideId "2915138"]
[BlackFideId "2226332"]
[WhiteElo "2185"]
[BlackElo "2626"]
[Result "1-0"]
[Round "05"]
[TimeControl "180+1"]
[Date "2022.02.22"]
[WhiteClock "0:00:25"]
[BlackClock "0:00:02"]

1. d4 Nf6 2. Nf3 g6 3. Nbd2 Bg7 4. e4 d6 5. Bb5+ Nbd7 6. Bd3 O-O 7. O-O e5 8. dxe5 dxe5 9. Nc4 Re8 10. Qe2 Nh5 11. Bg5 Bf6 12. Be3 b6 13. Rfd1 Bb7 14. a4 Nf4 15. Bxf4 exf4 16. c3 Qe7 17. Bc2 Rad8 18. a5 b5 19. a6 Ba8 20. Na5 b4 21. Nb7 bxc3 22. bxc3 Bxc3 23. Rac1 Bxb7 24. axb7 Nc5 25. Qb5 Rb8 26. Ba4 Nxa4 27. Qxa4 Qb4 28. Qxb4 Bxb4 29. Rxc7 a5 30. Nd4 Bd6 31. Rd7 a4 32. Nc6 a3 33. R1xd6 a2 34. Rd1 Rxe4 35. Nxb8 Rb4 36. Ra1 Rb1+ 37. Rd1 Rxb7 38. Nc6 Rb2 39. Nb4 Rxb4 40. Rxa2 Kg7 41. Rad2 g5 42. h3 Kg6 43. Rd5 f6 44. Rc5 h5 45. Kh2 Rb2 46. f3 Rc2 47. Rxc2 1-0


[Site "https://www.chess.com"]

[Event "Titled Tuesday Blitz February 22 Late 2022"]
[White "Samarth, J Rao"]
[Black "Rustemov, Alexander"]
[WhiteFideId "46652370"]
[BlackFideId "4119002"]
[WhiteElo "1514"]
[BlackElo "2691"]
[Result "0-1"]
[Round "05"]
[TimeControl "180+1"]
[Date "2022.02.23"]
[WhiteClock "0:00:01"]
[BlackClock "0:00:17"]

1. c4 g6 2. d4 Bg7 3. Nc3 c5 4. Nf3 cxd4 5. Nxd4 Nc6 6. e3 Nf6 7. Be2 O-O 8. O-O d5 9. cxd5 Nxd5 10. Bf3 Nxc3 11. bxc3 Bd7 12. Rb1 Qc7 13. Ba3 Rfc8 14. Nxc6 Bxc6 15. Bxc6 Qxc6 16. Bxe7 Bxc3 17. Rc1 Qe6 18. Qb3 Qxb3 19. axb3 Bb2 20. Rcd1 Rc7 21. Bd6 Rd7 22. Bc5 Rxd1 23. Rxd1 b6 24. Bd4 Bxd4 25. Rxd4 a5 26. Kf1 b5 27. Rd5 a4 28. bxa4 bxa4 29. Rd2 f5 30. Ra2 Kf7 31. Ke2 Ke6 32. Kd3 Kd5 33. Kc3 Kc5 34. Rb2 g5 35. Rb4 a3 36. Rb1 g4 37. h3 gxh3 38. gxh3 Kd5 39. Ra1 Ke4 40. Ra2 Kf3 41. Kd3 h5 42. Kc3 h4 43. Kd4 Ra5 44. Kd3 Kg2 45. e4 fxe4+ 46. Kxe4 Kxh3 47. Kf3 Ra4 48. Ke3 Kg4 49. f3+ Kg3 50. Ra1 a2 51. Ke2 h3 52. Rg1+ Kh2 53. Ra1 Kg2 0-1


[Site "https://www.chess.com"]

[Event "Titled Tuesday Blitz February 22 Late 2022"]
[White "Saraci, Nderim"]
[Black "Wieczorek, Oskar"]
[WhiteFideId "6351921"]
[BlackFideId "1133950"]
[WhiteElo "2573"]
[BlackElo "2319"]
[Result "1-0"]
[Round "05"]
[TimeControl "180+1"]
[Date "2022.02.22"]
[WhiteClock "0:00:12"]
[BlackClock "0:00:03"]

1. d4 Nf6 2. c4 e6 3. Nc3 d5 4. Bg5 c6 5. e3 Nbd7 6. Nf3 Qa5 7. cxd5 exd5 8. Bd3 Ne4 9. O-O Nxg5 10. Nxg5 Be7 11. Qh5 g6 12. Qh6 Bf8 13. Qh4 Qd8 14. Qg3 Be7 15. h4 Nf6 16. e4 dxe4 17. Ncxe4 Nxe4 18. Bxe4 O-O 19. Rad1 Qd6 20. d5 c5 21. f4 f5 22. Bc2 Bf6 23. h5 Bd4+ 24. Kh2 Qf6 25. d6 Rd8 26. Bb3+ Kg7 27. h6+ Kh8 28. Nf7+ 1-0


[Site "https://www.chess.com"]

[Event "Titled Tuesday Blitz February 22 Late 2022"]
[White "Sarana, Alexey"]
[Black "Pultinevicius, Paulius"]
[WhiteFideId "24133795"]
[BlackFideId "12809390"]
[WhiteElo "2665"]
[BlackElo "2413"]
[Result "0-1"]
[Round "05"]
[TimeControl "180+1"]
[Date "2022.02.22"]
[WhiteClock "0:00:11"]
[BlackClock "0:00:05"]

1. d4 Nf6 2. c4 g6 3. Nc3 d5 4. cxd5 Nxd5 5. e4 Nxc3 6. bxc3 Bg7 7. Be3 c5 8. Qd2 Qa5 9. Rc1 O-O 10. Nf3 Rd8 11. d5 e6 12. Bg5 f6 13. Be3 Nc6 14. h4 h5 15. Bd3 b6 16. O-O exd5 17. exd5 Ne7 18. d6 Nf5 19. Bf4 Bd7 20. Rfe1 Re8 21. Bc4+ Kh7 22. Bf7 Rxe1+ 23. Rxe1 Qa4 24. Bb3 Qb5 25. Re4 Rd8 26. Ba4 Qa6 27. Bxd7 Rxd7 28. Re8 Qc4 29. Rc8 Qe6 30. Rc7 Bf8 31. c4 Bxd6 32. Bxd6 Nxd6 33. Rc6 Qe7 34. Qf4 Nf5 35. Qb8 Rd1+ 36. Kh2 Rd8 37. Qf4 Rd7 38. g4 hxg4 39. Qxg4 Ng7 40. Rc8 Rc7 41. Rb8 Qd6+ 42. Kg2 Re7 43. Qc8 Re8 44. Qxe8 Nxe8 45. Rxe8 Qd7 46. Re3 Qg4+ 47. Kh2 Qxc4 48. Re7+ Kh6 49. Rxa7 Qf4+ 50. Kg1 Qxf3 51. Ra4 Qd1+ 52. Kg2 Qxa4 0-1


[Site "https://www.chess.com"]

[Event "Titled Tuesday Blitz February 22 Late 2022"]
[White "Sargsyan, Anna M."]
[Black "Devaev, Alexander"]
[WhiteFideId "13308130"]
[BlackFideId "4169395"]
[WhiteElo "2271"]
[BlackElo "2185"]
[Result "1-0"]
[Round "05"]
[TimeControl "180+1"]
[Date "2022.02.23"]
[WhiteClock "0:00:30"]
[BlackClock "0:00:03"]

1. d4 Nf6 2. c4 e6 3. Nf3 c5 4. Nc3 cxd4 5. Nxd4 a6 6. e4 d6 7. Bd3 Nc6 8. Nxc6 bxc6 9. O-O Be7 10. b3 Qc7 11. Bb2 O-O 12. Rc1 c5 13. Re1 Bb7 14. Bb1 Bc6 15. h3 Nd7 16. Ne2 Bf6 17. Bxf6 Nxf6 18. Ng3 a5 19. Nh5 Nxh5 20. Qxh5 e5 21. Rc3 Rfe8 22. Rg3 Re6 23. Bc2 a4 24. Bd1 axb3 25. axb3 Ra1 26. Kh2 Rg6 27. Ree3 Rxg3 28. Kxg3 g6 29. Qe2 Kg7 30. Qd2 Bd7 31. Rd3 Ra6 32. f4 Be6 33. f5 gxf5 34. Qg5+ Kf8 35. exf5 e4 36. Re3 d5+ 37. Qf4 Qxf4+ 38. Kxf4 d4 39. Rxe4 Bd7 40. Re5 Rc6 41. Rd5 Be8 42. g4 f6 43. Bf3 h6 44. h4 Rb6 45. Rxc5 Rxb3 46. Be4 Rh3 47. Rd5 Rxh4 48. Kg3 d3 49. Rxd3 1-0


[Site "https://www.chess.com"]

[Event "Titled Tuesday Blitz February 22 Late 2022"]
[White "Sarkar, Justin"]
[Black "Garagulya, Konstantin"]
[WhiteFideId "2010011"]
[BlackFideId "4128931"]
[WhiteElo "2038"]
[BlackElo "2329"]
[Result "0-1"]
[Round "05"]
[TimeControl "180+1"]
[Date "2022.02.23"]
[WhiteClock "0:00:02"]
[BlackClock "0:00:17"]

1. e4 c5 2. Nf3 a6 3. c3 d5 4. exd5 Qxd5 5. d4 Nf6 6. Be3 cxd4 7. cxd4 e6 8. Nc3 Qd6 9. Bd3 Nc6 10. O-O Be7 11. Qd2 O-O 12. Bf4 Qb4 13. a3 Qb6 14. Rad1 Rd8 15. Bb1 Qa5 16. Qc2 g6 17. Ba2 Nd5 18. Nxd5 exd5 19. Ne5 Bd7 20. Rfe1 Bf6 21. Nxc6 Bxc6 22. Be5 Re8 23. b4 Qd8 24. f4 Rc8 25. Qd2 Bh4 26. g3 Be7 27. f5 f6 28. Bf4 g5 29. Be3 Qd7 30. Bb1 Bd6 31. g4 h5 32. h3 hxg4 33. hxg4 Kf7 34. Kg2 Rh8 35. Rh1 Ba4 36. Rxh8 Rxh8 37. Rh1 Rxh1 38. Kxh1 Bb3 39. Kg2 Bc4 40. Bxg5 fxg5 41. Qxg5 Qe7 42. Qg6+ Kf8 43. f6 Qe2+ 44. Kg1 Qf1# 0-1


[Site "https://www.chess.com"]

[Event "Titled Tuesday Blitz February 22 Late 2022"]
[White "Savchenko, Boris"]
[Black "Jacobson, Aaron"]
[WhiteFideId "4147332"]
[BlackFideId "2089912"]
[WhiteElo "2512"]
[BlackElo "2265"]
[Result "1-0"]
[Round "05"]
[TimeControl "180+1"]
[Date "2022.02.23"]
[WhiteClock "0:00:33"]
[BlackClock "0:00:01"]

1. g4 d5 2. Bg2 Bxg4 3. c4 e6 4. Qb3 Nf6 5. cxd5 exd5 6. Qxb7 Nbd7 7. Qc6 Bc5 8. Nc3 O-O 9. Nxd5 Nxd5 10. Qxd5 Rb8 11. d3 Qh4 12. d4 Bb4+ 13. Kf1 Rfe8 14. Bg5 Qh5 15. Be3 Qg6 16. Rc1 Bd6 17. b3 h6 18. Nf3 Be6 19. Qa5 Nf6 20. Ne5 Qh7 21. h3 Nd7 22. Bc6 Nxe5 23. dxe5 Bb4 24. Qxa7 Red8 25. Bf3 Qf5 26. Kg2 c5 27. a3 1-0


[Site "https://www.chess.com"]

[Event "Titled Tuesday Blitz February 22 Late 2022"]
[White "Saveliev, Alexei"]
[Black "Dreev, Aleksey"]
[WhiteFideId "24128546"]
[BlackFideId "4100107"]
[WhiteElo "2281"]
[BlackElo "2636"]
[Result "0-1"]
[Round "05"]
[TimeControl "180+1"]
[Date "2022.02.22"]
[WhiteClock "0:00:17"]
[BlackClock "0:00:11"]

1. c4 c6 2. Nc3 d5 3. cxd5 cxd5 4. d4 Nf6 5. Nf3 Nc6 6. Bf4 e6 7. e3 Bd6 8. Bg5 h6 9. Bh4 Qb6 10. Qb3 Qxb3 11. axb3 Bd7 12. Bb5 O-O 13. Bxf6 gxf6 14. Ke2 Rfc8 15. Rhc1 Kf8 16. g3 Bb4 17. Na4 Ke7 18. Nc5 Bxc5 19. Rxc5 Kd6 20. Rac1 Rc7 21. Kd2 Rac8 22. Bxc6 Bxc6 23. Ne1 b6 24. R5c3 Bb5 25. Rxc7 Rxc7 26. Rxc7 Kxc7 27. h4 Kd6 28. Nf3 e5 29. Nh2 Ke6 30. Ng4 h5 31. Nh6 Bd7 32. Ke2 Ke7 33. f3 Kf8 34. g4 e4 35. fxe4 dxe4 36. Nf5 hxg4 37. Ng3 f5 38. Kf2 Be6 39. b4 Kg7 40. Nh5+ Kh6 41. Nf4 Bb3 42. Kg3 Kg7 43. Ng2 Kg6 44. Kf4 f6 45. h5+ Kxh5 46. Kxf5 a5 47. bxa5 bxa5 48. Kxf6 g3 49. Kf5 Bd1 50. Kxe4 Kg4 51. d5 Bf3+ 52. Kd4 Bxg2 53. e4 Bxe4 54. Kxe4 g2 55. d6 g1=Q 56. Ke5 Qc5+ 57. Ke6 Qb6 58. Ke7 Qb4 59. Ke6 Qb3+ 60. Ke7 Qxb2 61. d7 Qb7 62. Ke8 Qxd7+ 63. Kxd7 a4 64. Kc6 a3 65. Kc5 a2 66. Kc4 a1=Q 67. Kb4 Qb2+ 68. Kc4 Qc2+ 69. Kd5 Qc3 70. Ke4 Qd2 71. Ke5 Qd3 72. Ke6 Qd4 73. Ke7 Qd5 74. Kf6 Kf4 75. Kg7 Qe6 76. Kh8 Qe7 77. Kg8 Kg5 78. Kh8 Kg6 79. Kg8 Qe8# 0-1


[Site "https://www.chess.com"]

[Event "Titled Tuesday Blitz February 22 Late 2022"]
[White "Sevian, Samuel"]
[Black "Indjic, Aleksandar"]
[WhiteFideId "2040506"]
[BlackFideId "911925"]
[WhiteElo "2698"]
[BlackElo "2616"]
[Result "0-1"]
[Round "05"]
[TimeControl "180+1"]
[Date "2022.02.22"]
[WhiteClock "0:00:03"]
[BlackClock "0:00:19"]

1. e4 d5 2. exd5 Qxd5 3. Nc3 Qd6 4. Nb5 Qd8 5. d4 a6 6. Nc3 Nf6 7. Be3 e6 8. Nf3 b5 9. Bd3 Bb7 10. O-O Nbd7 11. Re1 c5 12. a4 c4 13. Be2 b4 14. Nb1 Rc8 15. c3 a5 16. Nbd2 Bd5 17. Bf4 Be7 18. Qc1 Nb6 19. Bd1 b3 20. Ne5 O-O 21. Be2 Nfd7 22. Nf1 Nxe5 23. Bxe5 Qd7 24. Ne3 Bb7 25. Bh5 g6 26. Ng4 f6 27. Qh6 Qe8 28. Nxf6+ Bxf6 29. Bg4 Bd5 30. h4 Bxe5 31. Rxe5 Nd7 32. Re2 Nf6 33. Bh3 Qf7 34. Rae1 Rce8 35. g3 Nh5 36. Bg4 Ng7 37. Qd2 h5 38. f4 hxg4 39. Re5 Nf5 40. Kf2 Qf6 41. Qe2 Nxg3 42. Qxg4 Nf5 43. Rg1 Re7 44. h5 Rh7 45. hxg6 Rh2+ 46. Kf1 Qxe5 0-1


[Site "https://www.chess.com"]

[Event "Titled Tuesday Blitz February 22 Late 2022"]
[White "Shahaliyev, Ismayil"]
[Black "Romanchuk, Viktor"]
[WhiteFideId "13406388"]
[BlackFideId "14109271"]
[WhiteElo "2105"]
[BlackElo "2242"]
[Result "1-0"]
[Round "05"]
[TimeControl "180+1"]
[Date "2022.02.23"]
[WhiteClock "0:00:30"]
[BlackClock "0:01:12"]

1. d4 d5 2. Nf3 Nf6 3. c4 c6 4. e3 e6 5. a3 Nbd7 6. b3 Bd6 7. Bb2 O-O 8. Bd3 b6 9. Nc3 Bb7 10. O-O Rc8 11. Qe2 Qe7 12. e4 dxe4 13. Nxe4 Nxe4 14. Qxe4 Nf6 15. Qh4 h6 16. Rfe1 Rfe8 17. b4 Nd7 18. Qe4 Nf8 19. c5 Bb8 20. Re3 Qd7 21. Qg4 Qd5 22. Be4 Qd7 23. Bc2 Ba6 24. Rd1 Bc4 25. Ne5 Bxe5 26. dxe5 Bd5 27. Rg3 g6 28. Bc1 Kg7 29. Bxh6+ Kxh6 30. Qh4+ Kg7 31. Rh3 Nh7 32. Qxh7+ Kf8 33. Qh8+ 1-0


[Site "https://www.chess.com"]

[Event "Titled Tuesday Blitz February 22 Late 2022"]
[White "Sharafiev, Azat"]
[Black "Terry, Renato"]
[WhiteFideId "4186214"]
[BlackFideId "3803457"]
[WhiteElo "2299"]
[BlackElo "2577"]
[Result "0-1"]
[Round "05"]
[TimeControl "180+1"]
[Date "2022.02.22"]
[WhiteClock "0:00:09"]
[BlackClock "0:00:05"]

1. d4 e6 2. e4 d5 3. Nc3 Nf6 4. e5 Nfd7 5. f4 c5 6. Nf3 Nc6 7. Be3 Be7 8. Qd2 O-O 9. h4 a6 10. Bd3 Re8 11. O-O-O c4 12. Be2 b5 13. g4 b4 14. Nb1 c3 15. Qd3 Qa5 16. bxc3 bxc3 17. Qxc3 Nb4 18. Kd2 Bb7 19. Qa3 Qc7 20. Qb2 Rab8 21. c3 Ba8 22. a3 Nd3 23. Qc2 Rb2 24. Bxd3 Rxc2+ 25. Bxc2 Nb6 26. Ke2 Nc4 27. Bc1 f6 28. Rdf1 Bc6 29. Kf2 fxe5 30. fxe5 Rf8 31. Kg2 Bb5 32. Rf2 Qd7 33. h5 Nb6 34. h6 g6 35. Rh2 Ba4 36. Bxa4 Qxa4 37. Kg3 Qd1 38. Bg5 Rxf3+ 39. Rxf3 Bxg5 40. Rhf2 Bxh6 41. Nd2 Bxd2 42. Rf8+ Kg7 43. R2f7+ Kh6 44. Rh8 Kg5 45. Rhxh7 Qg1+ 46. Kf3 Qe3+ 47. Kg2 Qe2+ 48. Rf2 Qd3 49. Rh3 Qe4+ 50. Kg3 Bf4+ 51. Rxf4 Qxf4+ 52. Kg2 Nc4 53. Rg3 Ne3+ 54. Kh3 Qf2 0-1


[Site "https://www.chess.com"]

[Event "Titled Tuesday Blitz February 22 Late 2022"]
[White "Sliwicki, Damian"]
[Black "Antonio, Jorge Carlos"]
[WhiteFideId "1127128"]
[BlackFideId "113190"]
[WhiteElo "2084"]
[BlackElo "2247"]
[Result "1-0"]
[Round "05"]
[TimeControl "180+1"]
[Date "2022.02.23"]
[WhiteClock "0:00:11"]
[BlackClock "0:00:05"]

1. e4 c5 2. Nf3 e6 3. d4 cxd4 4. Nxd4 Nc6 5. Nc3 a6 6. g3 Nf6 7. Bg2 Bb4 8. O-O O-O 9. Nxc6 bxc6 10. e5 Nd5 11. Ne4 f5 12. exf6 Nxf6 13. Bg5 Be7 14. Nxf6+ Bxf6 15. Bxf6 Qxf6 16. Qd6 Qxb2 17. c4 Rf7 18. c5 a5 19. Rab1 Qxa2 20. Qd4 Ba6 21. Rb2 Qc4 22. Qd6 Qc3 23. Rfb1 Bb5 24. Rxb5 cxb5 25. Bxa8 Qc2 26. Rf1 b4 27. Qb6 Qa2 28. Qd8+ Rf8 29. Qxd7 a4 30. c6 Qc2 31. c7 a3 32. Bc6 b3 33. Qxe6+ Kh8 34. c8=Q Qc5 35. Qcd7 a2 36. Qee7 Qxe7 37. Qxe7 Rb8 38. Qe5 Rd8 39. Qb2 Rb8 40. Bd5 h6 41. Kg2 Kh7 42. Re1 Kg6 43. Re7 Kg5 44. Rxg7+ Kf5 45. g4+ Kf4 46. Qd4# 1-0


[Site "https://www.chess.com"]

[Event "Titled Tuesday Blitz February 22 Late 2022"]
[White "Sorokin, Aleksey"]
[Black "Jobava, Baadur"]
[WhiteFideId "24176460"]
[BlackFideId "13601520"]
[WhiteElo "2476"]
[BlackElo "2617"]
[Result "0-1"]
[Round "05"]
[TimeControl "180+1"]
[Date "2022.02.22"]
[WhiteClock "0:00:20"]
[BlackClock "0:00:54"]

1. d4 d5 2. c4 dxc4 3. e3 Nf6 4. Bxc4 e5 5. Qb3 Qe7 6. Nf3 exd4 7. O-O Nc6 8. exd4 Qb4 9. Bxf7+ Kd8 10. Qc2 Bg4 11. Ne5 Nxd4 12. Qd2 Be2 13. Re1 Qxd2 14. Bxd2 Bd6 15. Nc4 Bxc4 16. Bxc4 Nc2 17. Nc3 Nxa1 18. Rxa1 c6 19. Rc1 Re8 20. h3 Kc7 21. Bf7 Re5 22. Bf4 Rc5 23. Be3 Ra5 24. a3 Rf8 25. Ba2 Kb8 26. Rd1 Rd8 27. Ne2 Bh2+ 28. Kxh2 Rxd1 29. Nc3 Rd8 30. Bb1 Ka8 31. Bf4 Nd5 32. Bg3 Nxc3 33. bxc3 Rxa3 34. c4 Rxg3 35. Kxg3 h6 36. Kf4 Rd4+ 0-1


[Site "https://www.chess.com"]

[Event "Titled Tuesday Blitz February 22 Late 2022"]
[White "Svane, Rasmus"]
[Black "Hakemi, Arman"]
[WhiteFideId "4657101"]
[BlackFideId "22520805"]
[WhiteElo "2645"]
[BlackElo "2208"]
[Result "1-0"]
[Round "05"]
[TimeControl "180+1"]
[Date "2022.02.22"]
[WhiteClock "0:00:31"]
[BlackClock "0:00:06"]

1. Nf3 Nf6 2. g3 g6 3. Bg2 Bg7 4. O-O O-O 5. d4 d6 6. Re1 Nc6 7. d5 Nb8 8. c4 c5 9. e4 e5 10. Nc3 Ne8 11. Be3 h6 12. Nd2 f5 13. exf5 gxf5 14. f4 e4 15. Nf1 Nf6 16. h3 Kh7 17. Bf2 Bd7 18. Ne3 Qe8 19. g4 Na6 20. Nxf5 Bxf5 21. gxf5 Qf7 22. Nxe4 Nxe4 23. Bxe4 Bf6 24. Kh1 Rg8 25. Qf3 Rg7 26. Rg1 Rag8 27. Rg6 Kh8 28. Rag1 Rxg6 29. Rxg6 Rxg6 30. fxg6 Qg7 31. Qg4 Qe7 32. Qf5 Kg7 33. b3 Nb4 34. a3 Na2 35. Qe6 Nc3 36. Bd3 Nd1 37. Be1 Ne3 38. Bd2 Nd1 39. Kg2 Nb2 40. Bc2 a6 41. a4 h5 42. Kf3 h4 43. Kg4 Qf8 44. Qd7+ Qe7 45. Qxe7+ Bxe7 46. Kf5 Bf6 47. Ke6 b5 48. axb5 axb5 49. cxb5 c4 50. b6 Nd3 51. Bxd3 1-0


[Site "https://www.chess.com"]

[Event "Titled Tuesday Blitz February 22 Late 2022"]
[White "Sviridov, Valery"]
[Black "Bryakin, Mikhail"]
[WhiteFideId "4120680"]
[BlackFideId "4165314"]
[WhiteElo "2454"]
[BlackElo "2421"]
[Result "1-0"]
[Round "05"]
[TimeControl "180+1"]
[Date "2022.02.22"]
[WhiteClock "0:01:04"]
[BlackClock "0:00:13"]

1. d4 Nf6 2. Nf3 c5 3. e3 e6 4. c3 b6 5. Nbd2 Bb7 6. Bd3 Be7 7. O-O d5 8. Ne5 Nbd7 9. f4 O-O 10. Qf3 Ne8 11. g4 f5 12. gxf5 exf5 13. Kh1 Nd6 14. Qh3 c4 15. Be2 Nf6 16. Bf3 b5 17. Rg1 Nde4 18. Qg2 Ne8 19. Nxe4 dxe4 20. Bh5 Bf6 21. Bd2 Bd5 22. Be1 Qe7 23. Qh3 Qe6 24. Bh4 Bxh4 25. Qxh4 Qf6 26. Qh3 Nd6 27. Rg3 Rad8 28. Rag1 a5 29. Qg2 Kh8 30. Rxg7 Rg8 31. Rg5 b4 32. Qh3 Rdf8 33. Ng6+ 1-0


[Site "https://www.chess.com"]

[Event "Titled Tuesday Blitz February 22 Late 2022"]
[White "Tan, Jun Ying"]
[Black "Lenderman, Aleksandr"]
[WhiteFideId "5710413"]
[BlackFideId "2021285"]
[WhiteElo "1827"]
[BlackElo "2651"]
[Result "0-1"]
[Round "05"]
[TimeControl "180+1"]
[Date "2022.02.22"]
[WhiteClock "0:00:14"]
[BlackClock "0:00:08"]

1. d4 d5 2. c4 e6 3. Nc3 a6 4. cxd5 exd5 5. Bf4 Nf6 6. e3 Bd6 7. Bg5 c6 8. Bd3 O-O 9. Nf3 Bg4 10. O-O Nbd7 11. Qc2 h6 12. Bh4 Qc7 13. Kh1 Rfe8 14. h3 Be6 15. e4 dxe4 16. Nxe4 Nxe4 17. Bxe4 Nb6 18. g4 Bd5 19. Bxd5 Nxd5 20. g5 Qd7 21. Ng1 hxg5 22. Bxg5 f6 23. Bh4 Qf7 24. Qd3 Qh5 25. Bg3 Bxg3 26. Qxg3 Re4 27. Rad1 Rae8 28. Nf3 R8e7 29. Kh2 Kh7 30. Rg1 Re2 31. Rd2 Rxd2 32. Nxd2 g5 33. Nf3 Nf4 34. Re1 Rxe1 35. Nxe1 Qe2 36. Ng2 Nxg2 37. Kxg2 Qe4+ 38. Kh2 Qxd4 39. Qc7+ Kg6 40. Qxb7 Qxf2+ 41. Kh1 Qf1+ 42. Kh2 Qf2+ 43. Kh1 Qf3+ 44. Kh2 a5 45. Qb8 Qf2+ 46. Kh1 Qf1+ 47. Kh2 Qf2+ 48. Kh1 Qe1+ 49. Kg2 Qe2+ 50. Kg1 Qe3+ 51. Kg2 Qd2+ 52. Kg1 Qd4+ 53. Kg2 Qe4+ 54. Kg1 Kf5 55. Qc8+ Kf4 56. Qc7+ Kf3 57. Qxa5 Qd4+ 58. Kh1 Qd1+ 59. Kh2 Qe2+ 60. Kh1 Qg2# 0-1


[Site "https://www.chess.com"]

[Event "Titled Tuesday Blitz February 22 Late 2022"]
[White "Tanenbaum, Zachary"]
[Black "Kushko, Dmitriy"]
[WhiteFideId "2060850"]
[BlackFideId "14162261"]
[WhiteElo "2168"]
[BlackElo "2225"]
[Result "1-0"]
[Round "05"]
[TimeControl "180+1"]
[Date "2022.02.23"]
[WhiteClock "0:01:32"]
[BlackClock "0:01:01"]

1. e4 d6 2. d4 Nf6 3. Nc3 g6 4. Bg5 c6 5. Qd2 d5 6. Bxf6 exf6 7. exd5 cxd5 8. O-O-O Bg7 9. Re1+ Be6 10. h4 h5 11. Bd3 Qd7 12. Nge2 Bh6 13. Nf4 Qd6 14. Ncxd5 O-O 15. Nxf6+ Kh8 16. Nxg6+ Kg7 17. Nxh5+ 1-0


[Site "https://www.chess.com"]

[Event "Titled Tuesday Blitz February 22 Late 2022"]
[White "Todorovic, Bojan"]
[Black "Domingo Nunez, Alejandro"]
[WhiteFideId "917087"]
[BlackFideId "22245561"]
[WhiteElo "2266"]
[BlackElo "2215"]
[Result "1/2-1/2"]
[Round "05"]
[TimeControl "180+1"]
[Date "2022.02.23"]
[WhiteClock "0:00:15"]
[BlackClock "0:00:11"]

1. Nf3 Nf6 2. c4 g6 3. g3 Bg7 4. Bg2 O-O 5. O-O d6 6. Nc3 c5 7. d3 Nbd7 8. Bd2 Rb8 9. a3 b6 10. b4 Bb7 11. Rb1 Ne8 12. Qc1 Nc7 13. Bh6 e6 14. Bxg7 Kxg7 15. Ne4 Qe7 16. Qc3+ Kg8 17. bxc5 dxc5 18. Ne5 Bxe4 19. Bxe4 Nxe5 20. Qxe5 f6 21. Qc3 Qd6 22. a4 Kg7 23. a5 Na6 24. axb6 axb6 25. Ra1 Nb4 26. Ra7+ Rf7 27. Rfa1 Rf8 28. Rb7 Rxb7 29. Bxb7 Rf7 30. Bf3 Qb8 31. Qa3 Nc2 32. Qa8 Qc7 33. Ra6 Nd4 34. Kg2 h5 35. h4 Rd7 36. Ra1 Qe5 37. Qe4 Nxf3 38. Qc6 Rf7 39. Ra8 Qxe2 40. Qe8 Ne1+ 41. Kg1 Nf3+ 42. Kg2 Ne1+ 43. Kg1 Nf3+ 44. Kg2 1/2-1/2


[Site "https://www.chess.com"]

[Event "Titled Tuesday Blitz February 22 Late 2022"]
[White "Tomiello, Mateus Costamilan"]
[Black "Zeynalli, Rashad"]
[WhiteFideId "22701958"]
[BlackFideId "13403320"]
[WhiteElo "1975"]
[BlackElo "2125"]
[Result "1-0"]
[Round "05"]
[TimeControl "180+1"]
[Date "2022.02.23"]
[WhiteClock "0:00:06"]
[BlackClock "0:00:02"]

1. d4 Nf6 2. c4 e6 3. Nf3 d5 4. g3 Be7 5. Bg2 O-O 6. O-O dxc4 7. Qc2 b5 8. a4 b4 9. Nbd2 Bb7 10. Nxc4 Nbd7 11. a5 c5 12. a6 Be4 13. Qd1 cxd4 14. Nxd4 Bxg2 15. Kxg2 Qc7 16. b3 Rfd8 17. Bb2 Nc5 18. Qc2 Rac8 19. Rfc1 Qb8 20. f3 Nd5 21. e4 Ne3+ 22. Nxe3 Bf6 23. Rd1 Na4 24. Qf2 Nxb2 25. Qxb2 Rc3 26. e5 Qxe5 27. Ng4 Qd5 28. Nxf6+ gxf6 29. Qe2 Qc5 30. Nxe6 fxe6 31. Qxe6+ Kg7 32. Rxd8 Rc2+ 33. Kh1 Qc3 34. Qg4+ Kh6 35. Qh4+ Kg7 36. Rf1 Qb2 37. Rd7+ Kf8 38. Qxb4+ 1-0


[Site "https://www.chess.com"]

[Event "Titled Tuesday Blitz February 22 Late 2022"]
[White "Van den Dikkenberg, Erik"]
[Black "Janaszak, Dawid"]
[WhiteFideId "1005880"]
[BlackFideId "1119206"]
[WhiteElo "2118"]
[BlackElo "2199"]
[Result "1-0"]
[Round "05"]
[TimeControl "180+1"]
[Date "2022.02.23"]
[WhiteClock "0:00:48"]
[BlackClock "0:01:26"]

1. e4 d5 2. exd5 Nf6 3. d4 Bg4 4. Be2 Bxe2 5. Qxe2 Nxd5 6. Nf3 c6 7. O-O e6 8. c4 Nf6 9. Nc3 Be7 10. Bg5 O-O 11. Rad1 Nbd7 12. Ne5 Ne8 13. Bxe7 Qxe7 14. Rfe1 Nef6 15. Nxd7 Qxd7 16. Ne4 Nxe4 17. Qxe4 Rad8 18. h3 g6 19. Rd3 Qd6 20. Red1 Rd7 21. b3 Rfd8 22. f4 Qa3 23. R3d2 Qa5 24. Kh1 h5 25. Kh2 a6 26. a4 Qb6 27. Rd3 Qb4 28. Kh1 Qb6 29. Kh2 Qc7 30. Kh1 b5 31. axb5 cxb5 32. d5 exd5 33. Rxd5 Rxd5 34. Rxd5 Rb8 35. c5 Qc6 36. Rd8+ Rxd8 37. Qxc6 Rd3 38. b4 Ra3 39. Qb6 h4 40. c6 Rc3 41. c7 1-0


[Site "https://www.chess.com"]

[Event "Titled Tuesday Blitz February 22 Late 2022"]
[White "Vifleemskaia, Svetlana"]
[Black "Villegas, Pierre"]
[WhiteFideId "4129490"]
[BlackFideId "654183"]
[WhiteElo "1901"]
[BlackElo "2410"]
[Result "1-0"]
[Round "05"]
[TimeControl "180+1"]
[Date "2022.02.23"]
[WhiteClock "0:00:12"]
[BlackClock "0:00:06"]

1. d4 d5 2. c4 e6 3. Nc3 a6 4. cxd5 exd5 5. Qc2 c6 6. h3 Bd6 7. Nf3 Ne7 8. Bg5 f6 9. Bd2 Bf5 10. Qb3 Ra7 11. Nh4 Be6 12. e3 g5 13. Nf3 Bf5 14. g4 Bg6 15. h4 gxh4 16. Nxh4 Bf7 17. Bd3 Nd7 18. Qc2 h6 19. Nf5 Nxf5 20. Bxf5 c5 21. f4 cxd4 22. exd4 Qe7+ 23. Kf2 Kf8 24. Rae1 Qd8 25. g5 fxg5 26. fxg5 b5 27. gxh6 Qf6 28. Ref1 b4 29. Ne2 Rc7 30. Qd3 Rc8 31. Ke1 Re8 32. Bxd7 1-0


[Site "https://www.chess.com"]